 Dungeon Crawl Stone Soup version 0.31.0-11-ge490571c62 (webtiles) character file.

Game seed: 10476785240116918725

480 qw the Shooter (level 6, -4/28 (30) HPs)
             Began as a Spriggan Hunter on Feb 3, 2024.
             Slain by a wight
             ... wielding a +0 halberd
              (5 damage)
             ... on level 4 of the Dungeon.
             The game lasted 00:00:11 (2624 turns).

qw the Shooter (Spriggan Hunter)                    Turns: 2624, Time: 00:00:11

HP:   -4/28 (30)    AC:  2    Str:  7    XL:     6   Next: 86%
MP:   0/7           EV: 21    Int: 10    God:
Gold: 234           SH:  0    Dex: 21    Spells: 5/5 levels left

rFire   . . .        f - +0 orcbow
rCold   . . .        (shield currently unavailable)
rNeg    . . .        c - +0 robe
rPois   .            (helmet restricted)
rElec   .            (no cloak)
rCorr   .            (gloves unavailable)
SInv    +            (boots unavailable)
Will    +....        i - amulet of guardian spirit
Stlth   ++           (no ring)
HPRegen 0.24/turn    (no ring)
MPRegen 0.10/turn

%: guardian spirit
@: drained, very quick
A: very small, no large weapons, unfitting armour, see invisible, speed 3
a: no special abilities


You were on level 4 of the Dungeon.
You visited 1 branch of the dungeon, and saw 4 of its levels.

You collected 234 gold pieces.


Innate Abilities, Weirdness & Mutations

You are very small and have problems with some larger weapons.
You are too small for most types of armour.
You have supernaturally acute eyesight. (SInv)
You cover ground extremely quickly. (Speed+++)


   Skills:
 - Level 2.0 Fighting
 + Level 6.9 Ranged Weapons
 - Level 6.1 Dodging
 - Level 1.5 Stealth


You had 5 spell levels left.
You didn't know any spells.
Your spell library was empty.

Inventory:

Hand Weapons
 f - a +0 orcbow (weapon)
Armour
 c - a +0 robe (worn)
Jewellery
 i - an amulet of guardian spirit (around neck)
Wands
 e - a wand of flame (15)
Potions
 b - a potion of berserk rage {unknown}
 d - 3 potions of enlightenment
 h - a potion of mutation

Dungeon Overview and Level Annotations

Branches:
Dungeon (4/15)
 Temple: D:4-7

Altars:
Ashenzari
Elyvilon
Nemelex Xobeh


Message History

You shoot an arrow. The arrow hits the goblin!
You kill the goblin!
A wight comes into view. It is wielding a +0 halberd.
Enter note:
Enter note:
Enter note:
Enter note:
2614 ||| RETREEEEATING.
You shoot an arrow. The arrow hits the wight!
The wight is heavily damaged.
You shoot an arrow. The arrow hits the wight!
You destroy the wight!
You shoot an arrow. The arrow closely misses the wight.
You shoot an arrow.
The arrow hits the iguana but does no damage.
A wight comes into view. It is wielding a +0 great sword.
Enter note:
Enter note:
2619 ||| RETREEEEATING.
You shoot an arrow. The arrow hits the iguana.
The iguana is moderately wounded.
You shoot an arrow. The arrow hits the iguana!
You kill the iguana!
You shoot an arrow.
The arrow hits the wight but does no damage.
The wight hits you with a +5 falchion of freezing!
The wight freezes you.
You shoot an arrow. The arrow hits the wight.
The wight is lightly damaged.
The wight closely misses you.
The wight hits you from afar with a +0 halberd! x2
You feel drained. The wight barely misses you.
Enter note:
Enter note: You shoot an arrow.
The arrow closely misses the wight.
The arrow hits the wight!
The wight is almost destroyed.
The wight misses you.
The wight hits you from afar with a +0 halberd.
You die...

...#
#.~.~~~(~.##.......#
.###
#.~~...~~.##.......#
.#
#.~~._.~~.##.......#
.#
#.~~...~~.##.......#
.#
#.~.~~~.~.##.......#
.#
###.~.....~.##########
.# #.#..~~~~~..## ##
#..#########.# #
#..........@.# #
#).).....zz### #
#.%.......z#
######.........)#
.................
..................
.................z.
######....#####.....
###.......# #...z.z


You could see 3 wights.

Vanquished Creatures
  A black bear (D:4)
  A scorpion (D:4)
  A wight (D:4)
  An orc priest (D:2)
  A sleepcap (D:3)
  An iguana (D:4)
  An orc wizard (D:2)
  6 adders
  7 dart slugs
  2 ribbon worms (D:2)
  4 orcs
  7 ball pythons
  12 endoplasms
  A giant cockroach (D:4)
  9 goblins
  6 hobgoblins
  6 jackals
  6 kobolds
  4 quokkas
  5 bats
  5 frilled lizards
  7 rats
94 creatures vanquished.

Notes
Turn   | Place    | Note
-------+----------+-------------------------------------------
     0 | D:1      | qw the Spriggan Hunter began the quest for the Orb.
     0 | D:1      | Reached XP level 1. HP: 10/10 MP: 2/2
     0 | D:1      | 0 ||| qw: Version: 0.3-a-158-g18b3111
     0 | D:1      | 0 ||| qw: Game counter: 4082
     0 | D:1      | 0 ||| qw: Melee chars always use a shield: true
     0 | D:1      | 0 ||| qw: God list: Okawaru
     0 | D:1      | 0 ||| qw: Allow faded altars: false
     0 | D:1      | 0 ||| qw: Do Orc after clearing Dungeon:15 true
     0 | D:1      | 0 ||| qw: Do second Lair branch before Depths: true
     0 | D:1      | 0 ||| qw: Lair rune preference: random
     0 | D:1      | 0 ||| qw: Goals: Normal
     0 | D:1      | 0 ||| PLANNING D:1-11
    39 | D:1      | Reached skill level 3 in Dodging
   154 | D:1      | Reached XP level 2. HP: 14/14 MP: 3/3
   568 | D:1      | Reached XP level 3. HP: 18/18 MP: 4/4
   810 | D:1      | 810 ||| READING scroll labelled CICVEI DUVIDA.
   811 | D:1      | 811 ||| READING 4 scrolls labelled XASUL YZXUX.
   811 | D:1      | 811 ||| IDENTIFYING ruby potion
   812 | D:1      | 812 ||| READING 3 scrolls of identify.
   812 | D:1      | 812 ||| IDENTIFYING smoky brown potion
   813 | D:1      | 813 ||| READING 2 scrolls of identify.
   813 | D:1      | 813 ||| IDENTIFYING scroll labelled OCHONA OVVIA
   814 | D:1      | 814 ||| DROPPING scroll of butterflies.
   815 | D:1      | 815 ||| DROPPING scroll of immolation.
   876 | D:2      | 876 ||| FLEEEEING.
   877 | D:2      | 877 ||| FLEEEEING.
   878 | D:2      | 878 ||| FLEEEEING.
   879 | D:2      | 879 ||| FLEEEEING.
   880 | D:2      | HP: 4/18 [poisoned by a goblin (curare-tipped dart)]
   912 | D:2      | 912 ||| FLEEEEING.
   933 | D:2      | 933 ||| FLEEEEING.
  1049 | D:2      | Reached XP level 4. HP: 22/22 MP: 5/5
  1427 | D:2      | Reached XP level 5. HP: 26/26 MP: 6/6
  1490 | D:2      | 1490 ||| DROPPING scarf of shadows.
  1491 | D:2      | 1491 ||| DROPPING ring of flight.
  1492 | D:2      | 1492 ||| READING 2 scrolls of identify.
  1492 | D:2      | 1492 ||| IDENTIFYING fuming coppery potion
  1493 | D:2      | 1493 ||| READING scroll of identify.
  1493 | D:2      | 1493 ||| IDENTIFYING scroll labelled LOYSEMM JYTIH
  1494 | D:2      | 1494 ||| READING scroll labelled HEOZU HENOVVI.
  1495 | D:2      | 1495 ||| READING scroll labelled LIAD PAAWAE.
  1495 | D:2      | 1495 ||| BRANDING +0 shortbow.
  1496 | D:2      | 1496 ||| READING scroll labelled RIAGIH POH.
  1496 | D:2      | 1496 ||| ENCHANTING +0 shortbow of draining.
  1497 | D:2      | 1497 ||| READING scroll labelled DEDGHU VAASULOA.
  1498 | D:2      | 1498 ||| DROPPING scroll of revelation.
  1500 | D:2      | 1500 ||| Stepping ~*~*~tactically~*~*~ (cloud).
  1508 | D:2      | HP: 6/26 [poisoned by you (poison gas)]
  1855 | D:3      | Found a sparkling altar of Nemelex Xobeh.
  1859 | D:3      | Found a white marble altar of Elyvilon.
  2350 | D:3      | 2350 ||| UPGRADING to amulet of guardian spirit.
  2355 | D:3      | 2355 ||| DROPPING ring of magical power.
  2356 | D:3      | 2356 ||| READING scroll labelled DEUGRU HIJAWEU.
  2356 | D:3      | 2356 ||| ENCHANTING +0 shortbow of draining.
  2357 | D:3      | 2357 ||| READING scroll labelled ONWEGU GEAPP.
  2376 | D:4      | 2376 ||| STAIRDANCE
  2436 | D:4      | Noticed a black bear
  2437 | D:4      | 2437 ||| DRINKING potion of haste.
  2442 | D:4      | Killed a black bear
  2443 | D:4      | Reached skill level 6 in Ranged Weapons
  2443 | D:4      | Reached XP level 6. HP: 30/30 MP: 7/7
  2458 | D:4      | Reached skill level 6 in Dodging
  2547 | D:4      | Found a broken altar of Ashenzari.
  2549 | D:4      | 2549 ||| SWAPPING to +0 orcbow.
  2550 | D:4      | 2550 ||| DROPPING +1 shortbow of draining.
  2614 | D:4      | 2614 ||| RETREEEEATING.
  2619 | D:4      | 2619 ||| RETREEEEATING.
  2623 | D:4      | HP: 4/30 [wight/+0 halberd (11)]
  2623 | D:4      | HP: 1/28 [wight/+0 halberd (3)]
  2624 | D:4      | Slain by a wight

Levels and vault maps discovered:
D:1:      grunt_arrival_crossed_arrows, layout_loops_corners
D:2:      layout_rooms, kennysheep_decorative_pillar
D:3:      layout_basic, jmf_multi_god_temple2
D:4:      layout_basic, mainiacjoe_overflow_paths, minmay_starry_boxes

Skill      XL: |  1  2  3  4  5  6 |
---------------+-------------------+-----
Dodging        | 3 4 5 6 |  6.1
Ranged Weapons | 5 6 |  6.9
Fighting       | 2 |  2.0
Stealth        | |  1.5

Action                     |  1- 3 |  4- 6 || total
---------------------------+-------+-------++-------
   Fire: Shortbow          |   102 |   117 ||   219
         Orcbow            |       |    17 ||    17
    Use: Scroll            |     4 |     8 ||    12
         Potion            |       |     1 ||     1
 Armour: Robe              |     7 |    10 ||    17
  Dodge: Dodged            |    24 |    43 ||    67

Table legend:
 A = Non-vault XP
 B = Vault XP
 C = Vault XP percentage of total XP
 D = Non-vault monster count
 E = Vault monster count
 F = Vault count percentage of total count
                 A         B        C        D         E       F
            +---------+---------+-------+---------+---------+-------
      Total |     541 |     146 |  21.3 |      87 |       7 |   7.4
            +---------+---------+-------+---------+---------+-------
        D:1 |      53 |       0 |   0.0 |      30 |       0 |   0.0
        D:2 |     163 |       0 |   0.0 |      28 |       0 |   0.0
        D:3 |      71 |       4 |   5.3 |      13 |       2 |  13.3
        D:4 |     254 |     142 |  35.9 |      16 |       5 |  23.8
            +---------+---------+-------+---------+---------+-------
